 Dungeon Crawl Stone Soup version 0.22.1-1-ga44c0e5 (webtiles) character file.

98 buskinjo2 the Slasher (level 4, -1/31 HPs)
             Began as an Octopode Chaos Knight on Oct 1, 2018.
             Killed by divine providence
             ... invoked by an orc priest
              (17 damage)
             ... on level 2 of the Dungeon.
             The game lasted 00:03:32 (1494 turns).

buskinjo2 the Slasher (Octopode Chaos Knight)       Turns: 1494, Time: 00:03:36

Health: -1/31      AC:  1    Str: 12    XL:     4   Next: 71%
Magic:  4/4        EV: 13    Int: 14    God:    Xom [....*.]
Gold:   101        SH:  0    Dex: 11    Spells: 3/3 levels left

rFire    . . .     SeeInvis .   a - +0 falchion (chaos)
rCold    . . .     Gourm    .   (no shield)
rNeg     . . .     Faith    .   (helmet restricted)
rPois    .         Spirit   .   (no amulet)
rElec    .         Reflect  .   (no ring)
rCorr    .         Harm     .   (no ring)
MR       .....                  (no ring)
Stlth    ++........             (no ring)
HPRegen  0.10/turn              (no ring)
MPRegen  0.09/turn              (no ring)
                                (no ring)
                                (no ring)

@: no status effects
A: almost no armour, stealthy swim, amphibious, 8 rings, constrict 8, camouflage
1, gelatinous body 1
a: Renounce Religion


You were on level 2 of the Dungeon.
You worshipped Xom.
You were a beloved toy of Xom.
You were hungry.

You visited 1 branch of the dungeon, and saw 2 of its levels.

You collected 101 gold pieces.

Inventory:

Hand Weapons
 a - a +0 falchion of chaos (weapon)
Missiles
 e - 96 stones (quivered)
Scrolls
 i - a scroll of noise {unknown}
 j - a scroll of enchant weapon {unknown}
 k - a scroll of immolation {unknown}
 l - a scroll of identify {unknown}
Potions
 c - a potion of berserk rage {unknown}
 d - 2 potions of lignification {unknown}
 f - a potion of curing {unknown}
 g - 2 potions of degeneration {unknown}
 h - a potion of flight {unknown}
Comestibles
 b - 2 rations


   Skills:
 + Level 3.0 Fighting
 * Level 5.2 Long Blades
 - Level 2.3 Dodging


You had 3 spell levels left.
You didn't know any spells.
Your spell library was empty.

Dungeon Overview and Level Annotations

Branches:
Dungeon (2/15)

Altars:
Xom


Innate Abilities, Weirdness & Mutations

You cannot wear most types of armour.
You are very stealthy in the water. (Stealth+)
You are amphibious.
You can wear up to eight rings at the same time.
You can use your tentacles to constrict eight enemies at once.
Your skin changes colour to match your surroundings (Stealth+).
Your rubbery body absorbs attacks. (AC +1, EV +1)


Message History

Xom guffaws.
A mana viper appears with a sibilant hiss.
The goblin hits you with a club.
You hit the goblin.
You kill the goblin!
The orc warrior hits you with a trident!
The orc priest looks satisfied for a moment.
Things that are here:
a club; a goblin corpse You closely miss the orc warrior.
You grab the orc warrior.
You constrict the orc warrior, but do no damage.
The orc warrior closely misses you.
You swap places.
You release your grip on the orc warrior.
Your mana viper completely misses the orc warrior.
The orc priest invokes the aid of Beogh against you.
Beogh smites you!
Ouch! That really hurt!
You die... "Boring in life, boring in death..."

### ..# #o#
#.# #.# #o#
#.# #o# #.#
#o# #.# #S#
#.# #@# #.#
#.# # #.#
#.# ## #<#
#.# .##
###.# #.#
#.# #...#
#.# .##
#.###
#.######
########.#
###......#
.........#
##.######.#


You could see an orc warrior, an orc priest, 2 orcs and a friendly mana viper.

Vanquished Creatures
  4 adders (D:2)
  2 worms (D:2)
  2 dart slugs (D:1)
  2 leopard geckos (D:2)
  3 bats (D:1)
  3 giant cockroaches
  7 goblins
  7 hobgoblins
  2 jackals (D:1)
  A quokka (D:2)
  A ball python (D:2)
  2 frilled lizards (D:1)
  8 kobolds
  5 rats
49 creatures vanquished.

Notes
Turn   | Place    | Note
-------+----------+-------------------------------------------
     0 | D:1      | buskinjo2 the Octopode Chaos Knight began the quest for the
                  | Orb.
     0 | D:1      | Reached XP level 1. HP: 16/16 MP: 1/1
     4 | D:1      | XOM: potion effect (brilliance)
    20 | D:1      | Reached XP level 2. HP: 7/21 MP: 2/2
   271 | D:1      | Reached skill level 4 in Long Blades
   341 | D:1      | XOM: noise
   354 | D:1      | Reached XP level 3. HP: 15/26 MP: 3/3
   386 | D:1      | XOM: silly message
   974 | D:2      | XOM: scenery: create altars
   993 | D:2      | Reached XP level 4. HP: 31/31 MP: 4/4
  1193 | D:2      | Reached skill level 5 in Long Blades
  1487 | D:2      | Noticed an orc warrior
  1490 | D:2      | XOM: cast spell 'Summon Mana Viper'
  1494 | D:2      | Killed from afar by an orc priest

Skill      XL: |  1  2  3  4 |
---------------+-------------+-----
Long Blades    | 4 5 |  5.2
Fighting       | |  3.0
Dodging        | |  2.3

Action                   |  1- 3 |  4- 6 || total
-------------------------+-------+-------++-------
Melee: Falchion          |    63 |    25 ||    88
       Constrict         |    18 |     8 ||    26
       Tentacles         |    10 |     4 ||    14
  Use: Scroll            |     1 |       ||     1
 Stab: Sleeping          |     7 |     5 ||    12
  Eat: Chunk             |       |     1 ||     1
Armor: Skin              |     7 |       ||     7
Dodge: Dodged            |    38 |    12 ||    50
       Rpst.: Falchion   |     9 |     2 ||    11
